 Dungeon Crawl Stone Soup version 0.17-a0-1900-g45e8110 (webtiles) character file.

128 Goblin1989 the Poker (level 5, 0/38 HPs)
             Began as a Merfolk Skald on Sept 24, 2015.
             Slain by Anothat's ghost (5 damage)
             ... on level 3 of the Dungeon.
             The game lasted 00:09:59 (2749 turns).

Goblin1989 the Poker (Merfolk Skald)                Turns: 2749, Time: 00:10:00

Health: 0/38       AC:  3    Str: 12    XL:     5   Next: 11%
Magic:  3/8        EV: 11    Int: 13    God:
Gold:   98         SH:  0    Dex: 13    Spells: 3 memorised, 3 levels left

rFire  . . .     SeeInvis .     q - +1 spear (venom)
rCold  . . .     Clarity  .     b - +0 leather armour
rNeg   . . .     SustAt   .     (no shield)
rPois  .         Gourm    .     (no helmet)
rElec  .         Spirit   .     (no cloak)
rCorr  .         Warding  .     (no gloves)
rMut   .         Stasis   .     (no boots)
MR     .....                    (no amulet)
Stlth  +.........               (no ring)
                                (no ring)

@: infused, not resistant to hostile enchantments, very unstealthy
A: change form in water, swift swim
a: no special abilities


You were on level 3 of the Dungeon.
You were not hungry.

You visited 1 branch of the dungeon, and saw 3 of its levels.

You collected 98 gold pieces.

Inventory:

Hand weapons
 q - a +1 spear of venom (weapon)
Armour
 b - a +0 leather armour (worn)
Magical devices
 m - a wand of polymorph (2)
Scrolls
 f - a scroll of recharging {unknown}
 i - a scroll of identify {unknown}
 k - a scroll of enchant armour {unknown}
 l - 2 scrolls of teleportation {unknown}
 n - a scroll of amnesia {unknown}
Potions
 e - a potion of brilliance {unknown}
 g - a potion of curing {unknown}
 h - a potion of flight {unknown}
 j - 2 potions of agility {unknown}
 o - a potion of might {unknown}
 p - a potion of magic {unknown}
Books
 c - a book of Battle

   Spells                             Type                      Level
   a - Infusion                       Charms                       1
   b - Shroud of Golubria             Charms/Translocation         2
   c - Song of Slaying                Charms                       2
   d - Spectral Weapon                Hexes/Charms                 3
   e - Regeneration                   Charms/Necromancy            3
 r - a book of Maledictions

   Spells                             Type                      Level
   a - Corona                         Hexes                        1
   b - Ensorcelled Hibernation        Hexes/Ice                    2
   c - Confuse                        Hexes                        3
   d - Tukima's Dance                 Hexes                        3
   e - Dazzling Spray                 Conjuration/Hexes            3
Comestibles
 a - 6 fruits
 d - 4 bread rations


   Skills:
 - Level 2.1 Fighting
 * Level 7.3 Polearms
 - Level 0.6 Armour
 - Level 1.3 Dodging
 - Level 2.0 Spellcasting
 + Level 3.5 Charms


You had 3 spell levels left.
You knew the following spells:

 Your Spells              Type           Power        Failure   Level  Hunger
a - Infusion              Chrm           ##....       10%         1    ##.....
b - Song of Slaying       Chrm           ##......     12%         2    ###....
c - Shroud of Golubria    Chrm/Tloc      #.........   28%         2    ###....


Dungeon Overview and Level Annotations

Branches:
Dungeon (3/15)

Altars:

Annotations:
D:3 Anothat's ghost, average VSMo


Message History

You are too injured to fight recklessly!
You are too injured to fight recklessly!
You are too injured to fight recklessly!
You are too injured to fight recklessly!
You are too injured to fight recklessly!
You are too injured to fight recklessly!
You are too injured to fight recklessly!
You are too injured to fight recklessly!
You are too injured to fight recklessly!
Unknown command.
Casting: Infusion
Confirm with . or Enter, or press ? or * to list all spells.
Okay, then.
You barely miss Anothat's ghost.
Anothat's ghost is moderately damaged.
The orc shouts!
You closely miss Anothat's ghost.
Anothat's ghost is moderately damaged.
The orc barely misses you. Anothat's ghost hits you.
You die...

#. #.###..(## #.# #.#
.##.###.## #.# #.###.#.#
##.## #.# .......# ##.#
#.# #.##...# #.# #.#
#.##...## ##.####.##
#>(<....# ##........#
......##.###.######..####
.(...#.##.o.o.oo@W......#
.##.....##.#.##########.#
)....)...#.#.# #>#
#.#........#.# #.#
...........#.# !o.
#.#.......##.#


.Wo #.##.....###.# [#.## #.###...## .# .#.# #.# ##.## #.#.# You could see
Anothat's ghost and 4 orcs.

Vanquished Creatures
  6 adders
  An ooze (D:1)
  2 worms
  2 giant geckos
  3 orcs
  A ball python (D:1)
  8 bats
  3 giant cockroaches
  8 hobgoblins
  2 quokkas (D:2)
  A giant newt (D:2)
  5 goblins
  9 kobolds
  9 rats
60 creatures vanquished.

Notes
Turn   | Place    | Note
--------------------------------------------------------------
     0 | D:1      | Goblin1989 the Merfolk Skald began the quest for the Orb.
     0 | D:1      | Reached XP level 1. HP: 16/16 MP: 3/3
   139 | D:1      | Reached skill level 4 in Polearms
   139 | D:1      | Reached XP level 2. HP: 8/22 MP: 5/5
   647 | D:1      | Reached XP level 3. HP: 25/27 MP: 6/6
   663 | D:1      | Reached skill level 5 in Polearms
  1454 | D:2      | Reached skill level 6 in Polearms
  1454 | D:2      | Reached XP level 4. HP: 25/33 MP: 7/7
  2330 | D:2      | Learned a level 2 spell: Song of Slaying
  2504 | D:3      | Reached skill level 7 in Polearms
  2579 | D:3      | Learned a level 2 spell: Shroud of Golubria
  2617 | D:3      | Reached XP level 5. HP: 32/38 MP: 8/8
  2728 | D:3      | Noticed Anothat's ghost (average VSMo)
  2749 | D:3      | Slain by Anothat's ghost

Vault maps used:
D:1:      onia_arrival_handbag
D:2:      roderic_serpentine_path
D:3:      minmay_rats_cheesy_pizza

Action                   |  1- 3 |  4- 6 || total
-------------------------+-------+-------++-------
Melee: Spear             |   145 |   109 ||   254
 Cast: Infusion          |       |     1 ||     1
  Use: Potion            |     1 |       ||     1
 Stab: Sleeping          |     3 |       ||     3
  Eat: Chunk             |     1 |     1 ||     2
       Meat ration       |       |     1 ||     1
